AoeStats
← Dom&Benito

Oasis

508319878Analyzed
2v2 RM · 9d ago on Sep 21, 2026· 24m 17s· 4 players
Game mode
Random Map
Map size
Medium (4 player)
Population
200
Speed
Normal
Resources
Standard
Victory
Conquest
Starting age
Dark Age
Ending age
Imperial Age
RankedLock teamsTeams togetherTeam positionsShared explorationLock speedFull tech treeHidden civsTurbo modeCheats
Victory
Defeat
🇸🇪 Ethiopians · Sweden
1272
+16
🇺🇸 Magyars · United States
1228
+17
🇨🇦 Bohemians · Canada
1261
-16
🇨🇦 Khmer · Canada
1261
-17
johg0001
8:28 Loom
11:02 Feudal Age
11:39 Double-Bit Axe
13:43 Town Watch
14:33 Wheelbarrow
15:36 Fletching
18:14 Horse Collar
23:42 Castle Age
22:21 Gold Mining
23:45 Crossbowman
24:22 Bodkin Arrow
jimmythejalapeno
9:56 Feudal Age
8:12 Loom
15:44 Castle Age
13:49 Stone Mining
17:45 Double-Bit Axe
17:42 Horse Collar
21:10 Scale Barding Armor
Dom&Benito
8:12 Loom
10:37 Feudal Age
11:25 Double-Bit Axe
11:22 Horse Collar
17:22 Castle Age
16:27 Scale Barding Armor
18:18 Bow Saw
18:34 Heavy Plow
20:56 Pikeman
Eljrufio Delarive
5:17 Loom
10:48 Feudal Age
12:17 Horse Collar
13:02 Double-Bit Axe
18:44 Castle Age
17:42 Fletching
20:19 Padded Archer Armor
24:01 Elite Skirmisher
Connection lost

Rejoining the realm…

Still unreachable

The connection could not be restored.

Session expired

The server has moved on; the page needs a fresh start.